 Dungeon Crawl Stone Soup version 0.29.1-12-g30fa7ad0bf (webtiles) character file.

Game seed: 10441677885733410147

229031 RapScallion the Hoplite (level 18, 0/168 HPs)
             Began as a Hill Orc Fighter on Jan 12, 2023.
             Was a High Priest of Uskayaw.
             Slain by an acid blob (14 damage)
             ... on level 4 of the Pits of Slime on Jan 13, 2023.
             The game lasted 05:04:09 (46204 turns).

RapScallion the Hoplite (Hill Orc Fighter)         Turns: 46204, Time: 05:04:10

Health: 0/168      AC: 18    Str: 27      XL:     18   Next: 98%
Magic:  16/16      EV: 10    Int: 10 (12) God:    Uskayaw [*****.]
Gold:   2354       SH: 24    Dex: 16 (18) Spells: 17/17 levels left

rFire   . . .      SeeInvis .   T - +8 flail (elec)
rCold   . . .      Faith    .   k - +3 kite shield of Tentacled Liberty {rF- Will+++ Dex+7}
rNeg    + . .      Spirit   .   A - +0 pearl dragon scales of the Solstice {rPois rN+ Dex+2}
rPois   +          Reflect  +   X - +2 helmet
rElec   .          Harm     .   w - +2 cloak {rCorr}
rCorr   +          Rampage  .   i - +2 pair of gloves {Str+3}
Will    ++++.                   I - +2 pair of boots {Fly}
Stlth   ..........              L - amulet of reflection
HPRegen 0.38/turn               r - +4 ring of protection
MPRegen 0.15/turn               s - ring of protection from fire

@: corroded, flying
A: clever 1, deterioration 2, low MP 1, poison resistance, weak 1, subdued magic
1
}: 2/15 runes: barnacled, gossamer
a: Renounce Religion, Stomp, Line Pass, Grand Finale


You were on level 4 of the Pits of Slime.
You worshipped Uskayaw.
Uskayaw was noncommittal.
You visited 6 branches of the dungeon, and saw 31 of its levels.
You also visited: Ossuary.

You collected 2419 gold pieces.
You spent 65 gold pieces at shops.

Inventory:

Hand Weapons
 S - a +5 flail of freezing
 T - a +8 flail of electrocution (weapon)
Missiles
 n - 203 stones (quivered)
 D - 2 throwing nets
Armour
 i - a +2 pair of gloves of strength (worn)
 k - the +3 kite shield of Tentacled Liberty (worn) {rF- Will+++ Dex+7}
   (You acquired it on level 3 of the Lair of Beasts)

   Dex:       It affects your dexterity (+7).
   rF:        It makes you vulnerable to fire.
   Will:      It greatly increases your willpower.
 m - a +0 tower shield
 w - a +2 cloak of preservation (worn)
 A - the +0 pearl dragon scales of the Solstice (worn) {rPois rN+ Dex+2}
   (You found it on level 3 of the Dungeon)

   Dex:       It affects your dexterity (+2).
   rPois:     It protects you from poison.
   rN:        It protects you from negative energy.
 E - the -2 pair of boots "Biall" {rF+ Str+4 Dex+3}
   (You found it on level 4 of the Spider Nest)

   Str:       It affects your strength (+4).
   Dex:       It affects your dexterity (+3).
   rF:        It protects you from fire.
 I - a +2 pair of boots of flying (worn)
 X - a +2 helmet (worn)
Jewellery
 r - a +4 ring of protection (left hand)
 s - a ring of protection from fire (right hand)
 L - an amulet of reflection (around neck)
Wands
 q - a wand of digging (7)
 B - a wand of roots (7)
 K - a wand of polymorph (19)
Scrolls
 e - 6 scrolls of poison
 j - 6 scrolls of fear
 l - 5 scrolls of identify
 o - 4 scrolls of enchant armour
 t - a scroll of amnesia
 z - 5 scrolls of magic mapping
 H - 3 scrolls of silence
 J - 10 scrolls of teleportation
 M - 6 scrolls of butterflies
 O - a scroll of brand weapon
 P - a scroll of blinking
Potions
 b - a potion of berserk rage
 c - 3 potions of invisibility
 d - 4 potions of might
 g - 8 potions of lignification
 h - 18 potions of curing
 x - 5 potions of mutation
 C - 4 potions of ambrosia
 G - 2 potions of cancellation
 N - 6 potions of resistance
 R - 5 potions of magic
Miscellaneous
 a - a box of beasts
 y - a phial of floods


   Skills:
 + Level 16.9 Fighting
 - Level 4.0(17.1) Axes
 * Level 21.6(21.7) Maces & Flails
 + Level 13.9 Armour
 - Level 1.3 Dodging
 + Level 21.7 Shields
 + Level 1.0 Evocations


You had 17 spell levels left.
You didn't know any spells.
Your spell library contained the following spells:

 Spells                   Type           Power      Damage    Failure   Level
 Apportation              Tloc           0%         N/A       65%         1
 Freeze                   Ice            0%         1d3       65%         1
 Magic Dart               Conj           0%         1d3       65%         1
 Slow                     Hex            0%         N/A       65%         1
 Blink                    Tloc           0%         N/A       80%         2
 Call Imp                 Summ           0%         N/A       80%         2
 Confusing Touch          Hex            0%         N/A       95%         3
 Frozen Ramparts          Ice            0%         1d1       95%         3
 Mephitic Cloud           Conj/Pois/Air  0%         N/A       95%         3
 Vampiric Draining        Necr           0%         2d6       95%         3
 Hailstorm                Conj/Ice       0%         3d3       100%        4
 Olgreb's Toxic Radiance  Pois           0%         N/A       100%        4
 Summon Ice Beast         Ice/Summ       0%         N/A       100%        4
 Alistair's Intoxication  Tmut/Pois      0%         N/A       100%        5
 Fireball                 Conj/Fire      0%         3d3       100%        5
 Iskenderun's Battlesphe  Conj           0%         2d6       100%        5
 Manifold Assault         Tloc           0%         N/A       100%        5
 Summon Mana Viper        Hex/Summ       0%         N/A       100%        5
 Iron Shot                Conj/Erth      0%         9d1       100%        6
 Starburst                Conj/Fire      0%         6d3       100%        6
 Monstrous Menagerie      Summ           0%         N/A       100%        7
 Ozocubu's Refrigeration  Ice            0%         4d7       100%        7
 Spellforged Servitor     Conj/Summ      0%         N/A       100%        7
 Storm Form               Tmut/Air       0%         N/A       100%        7
 Ignition                 Fire           0%         3d3       100%        8
 Chain Lightning          Conj/Air       0%         N/A       100%        9
 Fire Storm               Conj/Fire      0%         5d1       100%        9
 Shatter                  Erth           0%         3d5*      100%        9


Dungeon Overview and Level Annotations

Branches:
Dungeon (13/15)            Temple (1/1) D:4            Lair (5/5) D:9
 Shoals (4/4) Lair:3       Spider (4/4) Lair:2        Slime (4/5) Lair:5
    Orc (0/2) D:10        Ossuary (visited)
 Vaults: D:13-14

Altars:
Ashenzari
Cheibriados
Dithmenos
Elyvilon
Fedhas
Gozag
Hepliaklqana
Kikubaaqudgha
Makhleb
Nemelex Xobeh
Okawaru
Qazlal
Ru
Sif Muna
Trog
Uskayaw
Vehumet
Wu Jian
Xom
Yredelemnul
Zin
The Shining One
Jiyva

Shops:
D:1 !   Shoals:3 !

Annotations:
D:13 Rupert
Slime:3 Dissolution


Innate Abilities, Weirdness & Mutations

Your mind is acute. (Int +4, Str/Dex -1)
Your body often deteriorates upon taking damage.
Your magical capacity is low. (-10% MP)
Your system is resistant to poisons. (rPois)
You are weak. (Str -2)
Your spells are a little easier to cast, but a little less powerful.


Message History

* * * LOW HITPOINT WARNING * * *
The acid corrodes you!
Uskayaw links your audience in an emotional bond!
You thump the acid blob!
You kill the acid blob!
The acid blob spits acid at you. The splash of acid hits you. You resist.
* * * LOW HITPOINT WARNING * * *
You hit the acid blob.
Your hands burn!
* * * LOW HITPOINT WARNING * * *
The acid blob is lightly wounded.
The acid blob is no longer sharing its pain.
The acid blob spits acid at you. The splash of acid hits you! You resist.
* * * LOW HITPOINT WARNING * * *
The acid corrodes you!
You can now merge with and destroy a victim.
You feel better. You block the acid blob's attack.
You hit the acid blob but do no damage.
Lightning courses through the acid blob!
Your hands burn!
* * * LOW HITPOINT WARNING * * *
The acid blob is moderately wounded.
The acid blob misses you.
You sock the acid blob!
Your hands burn!
* * * LOW HITPOINT WARNING * * *
The acid blob is moderately wounded.
The acid blob hits you but does no damage.
You sock the acid blob!
Your hands burn!
* * * LOW HITPOINT WARNING * * *
The acid blob is heavily wounded.
You hit the acid blob but do no damage.
Your hands burn!
* * * LOW HITPOINT WARNING * * *
The acid blob is heavily wounded.
You block the acid blob's attack.
You hit the acid blob but do no damage.
Your hands burn!
* * * LOW HITPOINT WARNING * * *
The acid blob is heavily wounded.
The acid blob hits you!
You die...

.......#.#..............
.......####............>
........##.#............
.#............#.........
#..........#.#...#......
....####....###.........
..J.##.......#..........
.<..........#..<........
.............#..@.....#.
............###J..#.....
..........###.....# ....
.....#.#.###........ ...
........## ##...........
.....#.## ##........#.
..###### #...#......
.#.## ....#...... ....#
...........>


You could see an acid blob.

Vanquished Creatures
  7 acid blobs
  Kirke (Spider:1)
  3 rockslimes
  Ilsuiw (Shoals:3)
  3 emperor scorpions (Spider:4)
  2 azure jellies
  Aizul (Spider:2)
  4 ghost moths
  3 broodmothers
  3 entropy weavers
  A dire elephant (Lair:5)
  3 spark wasps
  The ghost of HunfridMar the Eclecticist, a journeyman DECj of Vehumet (Lair:4)
  14 merfolk impalers
  3 merfolk javelineers (Shoals:4)
  2 great orbs of eyes (Slime:1)
  Erolcha (D:12)
  8 hydras
  A radroach (Spider:4)
  A catoblepas (Lair:5)
  7 boulder beetles
  4 merfolk avatars
  2 jorogumos (Spider:2)
  5 centaur warriors
  2 alligator snapping turtles (Shoals:4)
  4 merfolk aquamancers
  3 two-headed ogres
  8 death yaks
  4 satyrs
  6 pharaoh ants
  8 steelbarb worms
  7 sea snakes
  14 orb spiders
  2 lindwurms (Lair:5)
  An orc knight (D:12)
  Pikel (D:5)
  5 harpies
  A deep elf pyromancer (D:11)
  An oklob plant (Lair:1)
  3 ugly things
  An orc sorcerer (D:12)
  24 wolf spiders
  29 fauns
  4 shining eyes
  12 manticores
  8 merfolk sirens
  2 cyclopes
  4 water nymphs
  4 moths of wrath
  12 elephants
  A black mamba (shapeshifter) (D:13)
  3 eyes of devastation
  3 gargoyles
  2 torpor snails
  7 cane toads
  11 black mambas
  Maggie (D:6)
  4 rime drakes
  An unseen horror (D:12)
  A kobold demonologist (D:11)
  5 demonic crawlers
  7 komodo dragons
  The ghost of Radix the Trooper, an amateur MiBe of Trog (D:4)
  5 wind drakes
  31 merfolk
  25 tarantellas
  6 meliai
  6 trolls
  68 slime creatures
  7 hornets
  A polar bear (Lair:5)
  15 blink frogs
  6 dream sheep
  5 snapping turtles
  Sigmund (D:4)
  19 jumping spiders
  3 shadows
  23 culicivoras
  14 water elementals
  2 wraiths (D:11)
  3 vampires
  4 hogs (Lair:2)
  3 wyverns
  2 golden eyes (Slime:2)
  44 yaks
  A steam dragon (D:9)
  2 basilisks
  8 vampire mosquitoes
  51 redbacks
  3 wargs (D:10)
  6 acid dragons
  Duvessa (D:7)
  A floating eye (Slime:4)
  13 water moccasins
  14 orc warriors
  A sky beast (D:7)
  4 ice beasts
  3 black bears
  3 ogres
  33 wolves
  13 centaurs
  3 phantoms
  3 kobold brigands
  3 lemures (D:5)
  12 bullfrogs
  2 gnoll sergeants
  2 necrophages
  A scorpion (D:7)
  14 wights
  Dowan (D:7)
  5 killer bees
  7 electric eels
  4 howler monkeys
  4 hounds
  Crazy Yiuf (D:2)
  An orc priest (D:10)
  Ijyb (D:4)
  3 gnoll boudas
  4 iguanas
  Natasha (thrice) (D:2)
  7 orc wizards
  8 mummies (Ossuary)
  Robin (D:2)
  17 gnolls
  11 adders
  A river rat (D:9)
  3 shadow imps
  6 worms
  5 dart slugs
  25 orcs
  6 endoplasms
  A giant cockroach (D:2)
  16 goblins
  14 hobgoblins
  4 quokkas
  3 ball pythons
  9 bats
  3 frilled lizards
  3 gnoll zombies (Ossuary)
  2 hobgoblin zombies (Ossuary)
  15 kobolds
  A kobold zombie (Ossuary)
  2 orc zombies (Ossuary)
  9 rats
994 creatures vanquished.

Vanquished Creatures (collateral kills)
  3 slime creatures (Slime:4)
  A boulder beetle (Spider:4)
  A wolf spider (Spider:4)
  2 tarantellas (Spider:4)
  2 culicivoras (Spider:4)
  2 jumping spiders (Spider:4)
  A redback (Spider:4)
12 creatures vanquished.

Vanquished Creatures (others)
  A spark wasp (Spider:1)
  An ogre mage (D:11)
  A culicivora (Spider:1)
  A redback (Spider:1)
  2 kobolds (D:10)
  19 fungi
  257 plants
282 creatures vanquished.

Grand Total: 1288 creatures vanquished

Notes
Turn   | Place    | Note
-------+----------+-------------------------------------------
     0 | D:1      | RapScallion the Hill Orc Fighter began the quest for the
                  | Orb.
     0 | D:1      | Reached XP level 1. HP: 19/19 MP: 1/1
    93 | D:1      | Found a faded altar of an unknown god.
   370 | D:1      | Reached XP level 2. HP: 26/27 MP: 2/2
   789 | D:1      | Reached XP level 3. HP: 29/33 MP: 3/3
   867 | D:1      | Found Waidur's Distillery.
  1339 | D:2      | Noticed Natasha
  1367 | D:2      | Killed Natasha
  1368 | D:2      | Reached skill level 1 in Dodging
  1368 | D:2      | Reached XP level 4. HP: 23/40 MP: 4/4
  1567 | D:2      | Noticed Robin
  1599 | D:2      | Killed Robin
  1777 | D:2      | Noticed Natasha
  1786 | D:2      | Killed Natasha
  1787 | D:2      | Reached skill level 1 in Maces & Flails
  1787 | D:2      | Reached XP level 5. HP: 31/46 MP: 5/5
  1792 | D:2      | Noticed Natasha
  1804 | D:2      | Killed Natasha
  1931 | D:2      | Found a runed translucent door.
  1932 | D:2      | Noticed Crazy Yiuf
  1938 | D:2      | Killed Crazy Yiuf
  2543 | D:3      | Identified the +0 pearl dragon scales of the Solstice
                  | {rPois rN+ Dex+2}
  2574 | D:3      | Found a glowing drain.
  2684 | D:3      | Reached XP level 6. HP: 52/52 MP: 6/6
  3287 | D:4      | Noticed Sigmund
  3934 | D:4      | Killed Sigmund
  3935 | D:4      | Reached skill level 5 in Armour
  3935 | D:4      | Reached XP level 7. HP: 56/60 MP: 7/7
  4008 | D:4      | Found a staircase to the Ecumenical Temple.
  4053 | Temple   | Entered the Ecumenical Temple
  4252 | Temple   | Became a worshipper of Uskayaw the Reveller
  4290 | D:4      | Reached * piety under Uskayaw
  4332 | D:4      | Reached ** piety under Uskayaw
  4336 | D:4      | Reached *** piety under Uskayaw
  4344 | D:4      | Noticed Ijyb
  4669 | D:4      | Reached skill level 5 in Maces & Flails
  4792 | D:4      | Found a runed translucent gate.
  4793 | D:4      | Found a runed translucent gate.
  4793 | D:4      | Found an opulent altar of Gozag.
  4794 | D:4      | Found a runed translucent gate.
  4808 | D:4      | Noticed Radix's ghost (amateur MiBe)
  4978 | D:4      | Killed Ijyb
  5115 | D:5      | Entered Level 5 of the Dungeon
  5137 | D:5      | Reached **** piety under Uskayaw
  5191 | D:5      | Reached XP level 8. HP: 67/67 MP: 8/8
  5339 | D:5      | Reached skill level 5 in Fighting
  5429 | D:5      | Reached ***** piety under Uskayaw
  5555 | D:5      | Noticed Pikel
  5563 | D:5      | Killed Pikel
  5564 | D:5      | Reached skill level 5 in Shields
  5750 | D:5      | Found a shimmering altar of Xom.
  5792 | D:5      | Reached XP level 9. HP: 75/75 MP: 9/9
  5961 | D:6      | Noticed Maggie
  6182 | D:6      | Killed Maggie
  6446 | D:6      | Noticed a two-headed ogre
  6481 | D:6      | Reached skill level 10 in Maces & Flails
  6659 | D:6      | Killed a two-headed ogre
  6660 | D:6      | Reached XP level 10. HP: 82/84 MP: 10/10
  6857 | D:4      | Killed Radix's ghost
  7050 | D:7      | Noticed Duvessa
  7050 | D:7      | Noticed Dowan
  7060 | D:7      | Killed Duvessa
  7063 | D:7      | Killed Dowan
  7077 | D:7      | Found a sand-covered staircase.
  7090 | Ossuary  | Entered an ossuary
  8473 | D:8      | Found a basalt altar of Yredelemnul.
  9133 | D:8      | Reached XP level 11. HP: 92/92 MP: 11/11
  9744 | D:9      | Noticed a death yak
  9744 | D:9      | Noticed a death yak
  9766 | D:9      | Noticed a death yak
  9772 | D:9      | Killed a death yak
  9777 | D:9      | Killed a death yak
  9785 | D:8      | Killed a death yak
  9785 | D:8      | Reached ****** piety under Uskayaw
  9902 | D:9      | Found a staircase to the Lair.
 10424 | D:10     | Entered Level 10 of the Dungeon
 10592 | D:10     | Found a staircase to the Orcish Mines.
 10656 | D:10     | Gained mutation: You are frail. (-10% HP) [potion of
                  | mutation]
 10656 | D:10     | Gained mutation: Your body sometimes deteriorates upon
                  | taking damage. [potion of mutation]
 10656 | D:10     | Gained mutation: You are partially covered in iridescent
                  | scales. (AC +2) [potion of mutation]
 11027 | D:10     | Reached XP level 12. HP: 48/92 MP: 8/12
 11580 | D:11     | Noticed a boulder beetle
 11805 | D:10     | Reached skill level 10 in Shields
 11996 | D:11     | Noticed an eight-headed hydra
 12001 | D:11     | Noticed a boulder beetle
 12020 | D:10     | Killed a boulder beetle
 12021 | D:10     | Reached skill level 15 in Maces & Flails
 12031 | D:11     | Killed an eight-headed hydra
 12530 | D:11     | Killed a boulder beetle
 12810 | D:11     | Noticed a boulder beetle
 13030 | D:11     | Killed a boulder beetle
 13371 | D:11     | Noticed an ogre mage
 13376 | D:11     | Noticed a centaur warrior
 13389 | D:11     | Killed an ogre mage
 13397 | D:11     | Killed a centaur warrior
 13401 | D:11     | Lost mutation: You are frail. (-10% HP) [potion of
                  | mutation]
 13401 | D:11     | Lost mutation: You are partially covered in iridescent
                  | scales. (AC +2) [potion of mutation]
 13401 | D:11     | Gained mutation: Your mind is acute. (Int +4, Str/Dex -1)
                  | [potion of mutation]
 13401 | D:11     | Gained mutation: Your system is resistant to poisons.
                  | (rPois) [potion of mutation]
 13425 | D:11     | Reached skill level 10 in Fighting
 13667 | D:11     | Reached XP level 13. HP: 92/113 MP: 13/13
 13862 | D:11     | Reached skill level 10 in Armour
 14893 | D:12     | Noticed Erolcha
 14905 | D:12     | Killed Erolcha
 15831 | D:13     | Found a blossoming altar of Fedhas.
 16148 | D:13     | Noticed Rupert
 16448 | Lair:1   | Entered Level 1 of the Lair of Beasts
 16548 | Lair:1   | Identified the ring "Vyniny" {Wiz rElec MP+9 Dex-4}
 16681 | Lair:1   | Found an iron altar of Okawaru.
 17403 | Lair:2   | Found a hole to the Spider Nest.
 17480 | Spider:1 | Entered Level 1 of the Spider Nest
 17732 | Lair:2   | Reached XP level 14. HP: 113/124 MP: 14/14
 18474 | Lair:3   | Identified a scroll of acquirement
 18475 | Lair:3   | Acquired the +3 kite shield of Tentacled Liberty {rF-
                  | Will+++ Dex+7}
 19033 | Lair:3   | Found a staircase to the Shoals.
 19205 | Shoals:1 | Entered Level 1 of the Shoals
 19950 | Lair:4   | Found a runed translucent gate.
 19950 | Lair:4   | Found a runed translucent gate.
 19950 | Lair:4   | Found a runed translucent gate.
 19954 | Lair:4   | Noticed HunfridMar's ghost (journeyman DECj)
 19970 | Lair:4   | Killed HunfridMar's ghost
 20141 | Lair:5   | Entered Level 5 of the Lair of Beasts
 20411 | Lair:5   | Found a viscous altar of Jiyva.
 20411 | Lair:5   | Found a staircase to the Slime Pits.
 20475 | Lair:5   | Found a broken altar of Ashenzari.
 20528 | Lair:5   | Identified the +0 leather armour "Xeniamal" {Contam Will+
                  | Str+6 Stlth+}
 20798 | Lair:5   | Reached skill level 15 in Shields
 21002 | Lair:5   | Reached XP level 15. HP: 134/134 MP: 15/15
 21806 | Slime:1  | Entered Level 1 of the Pits of Slime
 21992 | Slime:1  | Noticed a rockslime
 22010 | Slime:1  | Killed a rockslime
 22064 | Slime:1  | Noticed an azure jelly
 22074 | Slime:1  | Killed an azure jelly
 23632 | Spider:1 | Noticed Kirke
 23990 | Spider:1 | Killed Kirke
 25566 | Spider:2 | Noticed Aizul
 25577 | Spider:2 | Killed Aizul
 25626 | Spider:2 | Reached XP level 16. HP: 113/146 MP: 16/16
 25930 | Spider:2 | Paralysed by a jorogumo for 1 turns
 28878 | Spider:4 | Entered Level 4 of the Spider Nest
 30637 | Spider:4 | Reached skill level 15 in Fighting
 30637 | Spider:4 | Reached XP level 17. HP: 144/156 MP: 17/17
 30861 | Spider:4 | HP: 6/156 [something (7)]
 32437 | Spider:4 | Identified the -2 pair of boots "Biall" {rF+ Str+4 Dex+3}
 32450 | Spider:4 | Got a gossamer rune of Zot
 37184 | Shoals:3 | Found Uroptud's Distillery.
 37387 | Shoals:3 | Bought a potion of heal wounds for 65 gold pieces
 37548 | Shoals:3 | Reached skill level 1 in Evocations
 38363 | Shoals:3 | Reached XP level 18. HP: 112/166 MP: 18/18
 38928 | Shoals:4 | Entered Level 4 of the Shoals
 38948 | Shoals:4 | Noticed Ilsuiw
 39251 | Shoals:3 | Killed Ilsuiw
 41436 | Shoals:4 | Got a barnacled rune of Zot
 42338 | Slime:2  | Gained mutation: You are weak. (Str -2) [a shining eye]
 43926 | Slime:1  | Gained mutation: Your spells are a little easier to cast,
                  | but a little less powerful. [a shining eye]
 44175 | Slime:1  | You are sucked into a shaft and drop 1 floor!
 44551 | Slime:3  | Gained mutation: Your magical capacity is low. (-10% MP) [a
                  | shining eye]
 44557 | Slime:3  | Gained mutation: Your body often deteriorates upon taking
                  | damage. [a shining eye]
 45593 | Slime:4  | HP: 2/168 [very large slime creature (47)]
 46134 | Slime:4  | Noticed Dissolution
 46155 | Slime:4  | Paralysed by a floating eye for 3 turns
 46165 | Slime:3  | Paralysed by a floating eye for 3 turns
 46172 | Slime:3  | Paralysed by a floating eye for 3 turns
 46204 | Slime:4  | Slain by an acid blob

Illustrated notes

Levels and vault maps discovered:
D:1:      dpeg_arrival_long_road, layout_basic, serial_shops, shop,
          shapermc_ecumenical_altar_venn
D:2:      layout_basic, minmay_misc_feat_encased, st_stairs_5,
          small_statue_intersection, kennysheep_generic_room_2, uniq_robin,
          uniq_natasha, uniq_crazy_yiuf_cottage
D:3:      layout_basic, cheibrodos_sewer_entry_sluice
D:4:      layout_rooms, minmay_temple_entry_hall, ebering_ghost_gozag,
          sigmund_army, uniq_ijyb
D:5:      layout_loops_ring, mainiacjoe_overflow_tiny_flanked, uniq_pikel
D:6:      minmay_clustersquares, layout_rooms, uniq_maggie
D:7:      layout_basic, lightli_ossuary_entry_decrepit_ruins, uniq_duvessa
D:8:      minmay_razor_zed, layout_basic, mainiacjoe_overflow_surrounded_room,
          dreamdust_gnoll_shepherd
D:9:      layout_big_octagon, dpeg_lair_monsters, fountainhead
D:10:     layout_rooms, david_orc_1_choice
D:11:     minmay_the_grid_four_pointed_star_mashed
          [minmay_the_grid_triangle_9x9_empty,
          minmay_the_grid_triangle_9x9_impossible_snake,
          minmay_the_grid_triangle_9x9_descending_squares,
          minmay_the_grid_triangle_9x9_pentomino_pain,
          minmay_the_grid_prize_inner_circle], layout_basic,
          amcnicky_mini_pool_medium
D:12:     layout_rooms, chequers_serial_rivers_room_b, lightli_minifort,
          uniq_erolcha
D:13:     layout_basic, fedhas_ov_isle_minmay, uniq_rupert
Temple:   nicolae_temple_slightly_damp_pantheon
Lair:1:   layout_regular_city, lemuel_oklob_altar
Lair:2:   layout_hall_layers, spider_nest_entry_web_field,
          grunt_forest_large_clearings
Lair:3:   layout_concentric_octagons, minmay_shoals_entry_hut,
          gauntlet_entry_generic, hangedman_lair_unloving_vines,
          serial_bayou_pond_c
Lair:4:   layout_hall_layers, ebering_ghost_rock_garden
Lair:5:   hangedman_lair_in_review, layout_hall_layers, slime_entry_1,
          basic_altar, nicolae_lair_lindhole
Shoals:1: layout_shoals, nicolae_shoals_lost_giant_baths
Shoals:2: layout_shoals
Shoals:3: nicolae_shoals_island_circles, layout_shoals, serial_shops,
          nicolae_stop_n_shop_2, centaur_isle
Shoals:4: shoals_end_grunt_garden, layout_shoals, shoals_ilsuiw_alternative
Spider:1: layout_spider_delve, uniq_kirke
Spider:2: layout_spider_delve, hangedman_spider_tarantella_strand, uniq_aizul
Spider:3: layout_spider_delve
Spider:4: spider_rune_water
Slime:1:  layout_caves
Slime:2:  layout_caves
Slime:3:  layout_caves, nicolae_slime_phagocytosis
Slime:4:  layout_caves, uniq_dissolution

Skill      XL: |  1  2  3  4  5  6  7  8  9 10 11 12 13 14 15 16 17 18 |
---------------+-------------------------------------------------------+-----
Axes           | 3 4 |  4.0
Shields        | 4 5 6 8 9 11 13 15 17 18 20 21 | 21.7
Dodging        | 1 |  1.3
Fighting       | 4 5 6 7 8 10 11 12 14 15 16 | 16.9
Maces & Flails | 1 2 4 6 8 10 12 14 15 16 18 19 20 21 | 21.6
Armour         | 4 5 6 7 8 9 11 12 13 | 13.9
Evocations     | 1 |  1.0

Action                   |  1- 3 |  4- 6 |  7- 9 | 10-12 | 13-15 | 16-18 || total
-------------------------+-------+-------+-------+-------+-------+-------++-------
Melee: War axe           |   102 |    24 |       |       |       |       ||   126
       Whip              |       |   147 |   300 |   350 |       |       ||   797
       Flail             |       |       |       |   498 |  1210 |  1852 ||  3560
Throw: Stone             |       |     7 |       |       |       |       ||     7
Invok: Stomp             |       |       |     2 |    10 |     2 |     1 ||    15
Evoke: Wand              |       |       |       |     2 |       |     6 ||     8
  Use: Scroll            |       |     1 |     2 |    16 |    18 |     8 ||    45
       Potion            |       |     1 |       |     9 |     7 |     7 ||    24
 Stab: Paralysed         |       |       |     8 |    49 |    58 |    89 ||   204
       Invisible         |       |       |       |       |     1 |       ||     1
       Held in net/web   |       |       |       |       |     1 |       ||     1
Armor: Scale mail        |    55 |    10 |       |       |       |       ||    65
       Plate armour      |       |    17 |       |       |       |       ||    17
       Pearl dragon scal |       |    30 |    77 |   299 |   648 |   862 ||  1916
       Skin              |       |       |     6 |       |       |       ||     6
Dodge: Dodged            |    59 |    54 |    66 |   192 |   319 |   417 ||  1107
Block: Buckler           |    36 |    34 |   106 |   380 |   222 |       ||   778
       Reflection        |       |       |    10 |    20 |     5 |   135 ||   170
       Kite shield       |       |       |       |       |   907 |  2036 ||  2943
